 Dungeon Crawl Stone Soup version 0.27.1-2-g3b301248ec (webtiles) character file.

Game seed: 15647146832037290021

583 bnorton916 the Conjurer (level 7, -1/36 HPs)
             Began as a Deep Elf Conjurer on Sept 30, 2021.
             Slain by a black bear (3 damage)
             ... on level 5 of the Dungeon.
             The game lasted 00:05:18 (4923 turns).

bnorton916 the Conjurer (Deep Elf Conjurer)         Turns: 4923, Time: 00:05:19

Health: -1/36      AC:  4    Str:  4    XL:     7   Next: 14%
Magic:  0/17       EV: 12    Int: 25    God:
Gold:   39         SH:  0    Dex: 13    Spells: 6/17 levels left

rFire    . . .     SeeInvis .   (no weapon)
rCold    . . .     Faith    .   (no shield)
rNeg     . . .     Spirit   .   a - +0 robe
rPois    .         Reflect  .   m - +0 helmet
rElec    .         Harm     .   c - +0 cloak
rCorr    .         Rampage  .   (no gloves)
Will     .....                  (no boots)
Stlth    ++........             (no amulet)
HPRegen  0.12/turn              l - ring of flight
MPRegen  0.15/turn              (no ring)

@: flying
A: no striking features
a: no special abilities


You were on level 5 of the Dungeon.
You visited 1 branch of the dungeon, and saw 5 of its levels.

You collected 84 gold pieces.
You spent 45 gold pieces at shops.

Inventory:

Hand Weapons
 i - a +0 halberd of venom
Armour
 a - a +0 robe (worn)
 c - a +0 cloak (worn)
 m - a +0 helmet (worn)
Jewellery
 h - a ring of ice
 l - a ring of flight (left hand)
Scrolls
 b - a scroll of summoning {unknown}
 f - a scroll of magic mapping {unknown}
 k - 2 scrolls of identify {unknown}
 o - a scroll of noise {unknown}
Potions
 d - 2 potions of attraction {unknown}
 e - a potion of flight {unknown}
 g - a potion of cancellation {unknown}
 j - 2 potions of might {unknown}
 n - 2 potions of haste {unknown}


   Skills:
 - Level 2.4 Dodging
 - Level 2.4 Stealth
 - Level 5.9 Spellcasting
 - Level 6.1 Conjurations
 + Level 4.6 Hexes
 + Level 3.7 Translocations


You had 6 spell levels left.
You knew the following spells:

 Your Spells              Type           Power      Damage    Failure   Level
a - Magic Dart            Conj           100%       1d8       1%          1
b - Searing Ray           Conj           76%        3d6       1%          2
c - Fulminant Prism       Conj/Hex       17%        3d11      9%          4
d - Iskenderun's Mystic   Conj/Tloc      32%        2d8       10%         4

Your spell library contained the following spells:

 Spells                   Type           Power      Damage    Failure   Level
 Corona                   Hex            33%        N/A       1%          1
 Dazzling Flash           Conj/Hex       68%        N/A       2%          3
 Tukima's Dance           Hex            30%        N/A       3%          3
 Ensorcelled Hibernation  Hex/Ice        38%        N/A       4%          2
 Frozen Ramparts          Ice            14%        1d3       22%         3
 Ice Form                 Ice/Tmut       7%         N/A       58%         4
 Summon Ice Beast         Ice/Summ       7%         N/A       58%         4


Dungeon Overview and Level Annotations

Branches:
Dungeon (5/15)
 Temple: D:4-7

Altars:
Yredelemnul

Shops:
D:4 [

Annotations:
D:3 3 runed translucent doors, elongatedgoose's ghost, weakling SpBr


Message History

The searing ray hits the black bear!
The black bear is severely wounded. (Press . to maintain the ray.) Unknown command.
The searing ray hits the black bear!
The black bear is almost dead.
The black bear bites you but does no damage.
The black bear barely misses you.
The black bear claws you but does no damage.
Without enough magic to sustain it, your searing ray dissipates.
The black bear barely misses you. The black bear claws you.
The black bear barely misses you.
Unknown command.
Casting: Searing Ray (safe; 1% risk of failure)
Confirm with . or Enter, or press ? or * to list all spells.
Okay, then.
Unknown command.
The black bear closely misses you. The black bear claws you. x2
You fly downwards.
There is a stone staircase leading up, spattered with blood here.
The black bear goes berserk!
The black bear bites you!
* * * LOW HITPOINT WARNING * * *
The black bear claws you.
* * * LOW HITPOINT WARNING * * *
The black bear claws you.
* * * LOW HITPOINT WARNING * * *
Unknown command.
Okay, then.
Casting: Searing Ray (safe; 1% risk of failure)
Confirm with . or Enter, or press ? or * to list all spells.
Aiming: Searing Ray (safe; 1% risk of failure)
Press: ? - help, Shift-Dir - straight line, f - black bear
Aim: a black bear (almost dead, berserk, 86% to hit)
The searing ray misses the black bear. (Press . to maintain the ray.)
The black bear closely misses you.
The black bear claws you but does no damage.
The black bear claws you.
You die...

### ##### ..# #....
#.# .... #.# ..#
### #.####..####
..# ##.........#
##.# ##.##h@.....#
#
#.>.###..#####.##.#
#. #.##.#...# ..
.#.##.##..#..# #.#
.......†<....# #
.............#
..(..........#
....#(.......# ...
#.$......#


You could see a black bear (berserk).

Vanquished Creatures
  A necrophage (D:4)
  A kobold brigand (D:5)
  A water moccasin zombie (D:3)
  A howler monkey (D:4)
  A hound (D:5)
  A centaur zombie (D:3)
  A bullfrog skeleton (D:4)
  3 iguanas
  8 adders
  A howler monkey skeleton (D:4)
  An adder zombie (D:5)
  An adder skeleton (D:4)
  A dart slug (D:1)
  9 ball pythons
  6 bats
  6 endoplasms
  2 giant cockroaches (D:1)
  9 goblins
  6 hobgoblins
  3 jackals (D:3)
  4 quokkas
  2 ball python zombies (D:3)
  7 frilled lizards
  10 kobolds
  A quokka skeleton (D:4)
  A quokka zombie (D:3)
  5 rats
93 creatures vanquished.

Notes
Turn   | Place    | Note
-------+----------+-------------------------------------------
     0 | D:1      | bnorton916 the Deep Elf Conjurer began the quest for the
                  | Orb.
     0 | D:1      | Reached XP level 1. HP: 10/10 MP: 6/6
   259 | D:1      | Reached XP level 2. HP: 15/15 MP: 4/8
   437 | D:1      | Found a faded altar of an unknown god.
  1077 | D:1      | Learned a level 2 spell: Searing Ray
  1351 | D:2      | Reached skill level 5 in Conjurations
  1351 | D:2      | Reached XP level 3. HP: 19/19 MP: 6/10
  1929 | D:2      | Reached XP level 4. HP: 24/24 MP: 8/12
  2112 | D:2      | Learned a level 4 spell: Fulminant Prism
  2117 | D:2      | Learned a level 4 spell: Iskenderun's Mystic Blast
  2308 | D:3      | Reached skill level 5 in Spellcasting
  2463 | D:3      | Found a basalt altar of Yredelemnul.
  2473 | D:3      | Reached XP level 5. HP: 21/28 MP: 6/14
  2701 | D:3      | Reached skill level 6 in Conjurations
  3476 | D:3      | Found a runed translucent gate.
  3477 | D:3      | Found a runed translucent gate.
  3479 | D:3      | Found a runed translucent gate.
  3479 | D:3      | Noticed elongatedgoose's ghost (weakling SpBr)
  3961 | D:4      | Found Yhetul's Armour Emporium.
  3972 | D:4      | Reached skill level 1 in Hexes
  4026 | D:4      | Bought a +0 helmet for 45 gold pieces
  4191 | D:4      | Reached skill level 1 in Translocations
  4194 | D:4      | Reached XP level 6. HP: 32/32 MP: 7/16
  4745 | D:5      | Entered Level 5 of the Dungeon
  4893 | D:5      | Reached XP level 7. HP: 34/36 MP: 9/17
  4922 | D:5      | HP: 1/36 [black bear (3)]
  4923 | D:5      | Slain by a black bear

Illustrated notes

Levels and vault maps discovered:
D:1:      dpeg_arrival_tiny_j, layout_loops_ring,
          chequers_ecumenical_altar_grove
D:2:      layout_rooms
D:3:      layout_loops_ring, nicolae_yredelemnul_corpse_copse,
          ebering_ghost_rock_garden, grunt_ministairs_14, minmay_cupped
D:4:      layout_basic, serial_shops, nicolae_square_shop
D:5:      layout_loops_ring, grunt_temple_overflow_open,
          nicolae_vehumet_radiance, minmay_temple_entry_steel_oval

Skill      XL: |  1  2  3  4  5  6 |
---------------+-------------------+-----
Spellcasting   | 4 5 |  5.9
Conjurations   | 5 6 |  6.1
Hexes          | 2 4 |  4.6
Translocations | 1 3 |  3.7
Dodging        | |  2.4
Stealth        | |  2.4

Action                   |  1- 3 |  4- 6 |  7- 9 || total
-------------------------+-------+-------+-------++-------
 Cast: Magic Dart        |    71 |   111 |       ||   182
       Searing Ray       |     1 |    11 |     3 ||    15
       Iskenderun's Myst |       |       |     1 ||     1
Armor: Robe              |     6 |     5 |     6 ||    17
Dodge: Dodged            |     8 |    14 |    10 ||    32
